 Dungeon Crawl Stone Soup version 0.21.1-1-g345015fe64 (webtiles) character file.

499 Lavandula the Chopper (level 6, 10/51 HPs)
             Began as a Centaur Berserker on June 19, 2018.
             Was a Believer of Trog.
             Quit the game on level 3 of the Dungeon on June 24, 2018.
             The game lasted 00:05:55 (725 turns).

Lavandula the Chopper (Centaur Berserker)            Turns: 725, Time: 00:05:55

Health: 10/51      AC: 13    Str: 22    XL:     6   Next: 94%
Magic:  6/6        EV:  6    Int:  6    God:    Trog [**....]
Gold:   73         SH:  0    Dex:  8    Spells: 5/5 levels left

rFire    . . .     SeeInvis .   p - +0 war axe
rCold    . . .     Gourm    .   (no shield)
rNeg     . . .     Faith    .   n - +3 chain mail
rPois    .         Spirit   .   (no helmet)
rElec    .         Reflect  .   (no cloak)
rCorr    .         Harm     .   d - +2 pair of gloves
MR       .....                  (no barding)
Stlth    ..........             (no amulet)
HPRegen  0.17/turn              (no ring)
MPRegen  0.10/turn              (no ring)

@: berserk cooldown, hasted, very quick
A: large, hooves 3, deformed body, speed 2, tough skin 3
a: Berserk, Trog's Hand, Burn Spellbooks, Renounce Religion


You were on level 3 of the Dungeon.
You worshipped Trog.
Trog was pleased with you.
You were not hungry.

You visited 1 branch of the dungeon, and saw 4 of its levels.

You collected 73 gold pieces.

Inventory:

Hand Weapons
 a - a +0 hand axe
 p - a +0 war axe (weapon)
Armour
 b - a +0 animal skin
 d - a +2 pair of gloves (worn)
 k - a +0 buckler
 n - a +3 chain mail (worn)
 v - a cursed +0 pair of gloves
Scrolls
 e - 2 scrolls of fog {unknown}
 f - a scroll of enchant armour {unknown}
 g - a scroll of identify {unknown}
 h - a scroll of enchant weapon {unknown}
 i - a scroll of teleportation {unknown}
 j - a scroll of immolation {unknown}
 m - a scroll of blinking {unknown}
 o - a scroll of remove curse {unknown}
 q - a scroll of fear {unknown}
 t - a scroll of magic mapping {unknown}
Potions
 l - a potion of haste
 s - a potion of curing {unknown}
 u - a potion of mutation {unknown}
Comestibles
 c - 2 rations
 r - 4 chunks of flesh


   Skills:
 - Level 3.0 Fighting
 + Level 7.2 Axes
 - Level 1.3 Armour
 - Level 1.3 Dodging


You had 5 spell levels left.
You didn't know any spells.

Dungeon Overview and Level Annotations

Branches:
Dungeon (4/15)
 Temple: D:4-7

Altars:
Cheibriados
Xom
The Shining One


Innate Abilities, Weirdness & Mutations

You have hooves in place of feet.
Armour fits poorly on your strangely shaped body.
You cover ground very quickly.
You have extremely tough skin. (AC +3)


Message History

Your skin stops crawling.
You feel less resistant to hostile enchantments.
The kobold hits you with a dagger.
* * * LOW HITPOINT WARNING * * *
You closely miss the kobold. Your kick misses the kobold.
The kobold hits you but does no damage.
You miss the kobold. Your kick misses the kobold. You hit the kobold.
You kill the kobold!
Trog accepts your kill.
Welcome back, Lavandula the Centaur Berserker.
Trog says: Kill them all!
Press ? for a list of commands and other information.
Welcome back, Lavandula the Centaur Berserker.
Trog says: Kill them all!
Press ? for a list of commands and other information.
Welcome back, Lavandula the Centaur Berserker.
Trog says: Kill them all!
Press ? for a list of commands and other information.
Are you sure you want to abandon this character and quit the game? (Confirm with "yes".)

.# ###.#
##.<..# # #
......#.# #
#######.....#.#
...##
#..............
._..S
#.#(@.......#
...##
#...........# #
#≈..........#
.#
#≈......(...# .
#≈≈≈######...#
##.
#≈≈≈##..>..###
#..
#≈≈≈≈......##
#.#
##≈≈≈...##.#
#.####
≈≈≈.###..#
#.....


There were no monsters in sight!

Vanquished Creatures
  An ogre (D:4)
  2 big kobolds (D:3)
  A scorpion (D:4)
  A hound (D:3)
  3 orc wizards (D:4)
  5 adders
  An adder skeleton (D:4)
  A worm (D:2)
  3 dart slugs
  2 leopard geckos (D:2)
  3 orcs
  A ball python (D:1)
  A giant cockroach (D:2)
  4 goblins
  4 hobgoblins
  5 jackals (D:3)
  11 kobolds
  5 bats
  A frilled lizard (D:2)
  3 rats
58 creatures vanquished.

Notes
Turn   | Place    | Note
-------+----------+-------------------------------------------
     0 | D:1      | Lavandula the Centaur Berserker began the quest for the Orb.
     0 | D:1      | Reached XP level 1. HP: 19/19 MP: 1/1
    47 | D:1      | Reached skill level 3 in Axes
   117 | D:2      | Reached XP level 2. HP: 26/26 MP: 2/2
   179 | D:2      | Reached XP level 3. HP: 31/31 MP: 3/3
   185 | D:2      | Reached skill level 4 in Axes
   186 | D:2      | Reached ** piety under Trog
   313 | D:2      | Found a glowing golden altar of the Shining One.
   368 | D:2      | Found a shimmering altar of Xom.
   439 | D:3      | Noticed a big kobold
   452 | D:3      | Killed a big kobold
   452 | D:3      | Reached skill level 5 in Axes
   452 | D:3      | Reached XP level 4. HP: 38/38 MP: 4/4
   455 | D:3      | Noticed a big kobold
   518 | D:3      | Reached XP level 5. HP: 45/45 MP: 5/5
   527 | D:3      | Reached skill level 6 in Axes
   573 | D:3      | Found a snail-covered altar of Cheibriados.
   607 | D:4      | Noticed an ogre
   611 | D:4      | Killed an ogre
   611 | D:4      | Reached XP level 6. HP: 49/51 MP: 6/6
   661 | D:4      | Reached skill level 7 in Axes
   672 | D:4      | Reached *** piety under Trog
   704 | D:4      | HP: 1/51 [orc priest/divine providence (13)]
   725 | D:3      | Quit the game

Skill      XL: |  1  2  3  4  5  6 |
---------------+-------------------+-----
Axes           | 3 5 6 7 |  7.2
Fighting       | |  3.0
Armour         | |  1.3
Dodging        | |  1.3

Action                   |  1- 3 |  4- 6 || total
-------------------------+-------+-------++-------
Melee: Hand axe          |    65 |     3 ||    68
       Kick              |    12 |     8 ||    20
       War axe           |       |    44 ||    44
Invok: Berserk           |     3 |     3 ||     6
       Trog's Hand       |       |     2 ||     2
  Use: Potion            |       |     1 ||     1
  Eat: Chunk             |       |     5 ||     5
Armor: Animal skin       |    31 |       ||    31
       Chain mail        |    13 |    59 ||    72
Dodge: Dodged            |    36 |    20 ||    56
